 Dungeon Crawl Stone Soup version 0.29-b1-11-g2030932060 (webtiles) character file.

Game seed: 13862494541981317645

23 funkygono the Firebug (level 2, -3/15 HPs)
             Began as a Gargoyle Fire Elementalist on Aug 23, 2022.
             Slain by a hound (5 damage)
             ... on level 2 of the Dungeon.
             The game lasted 00:02:00 (1279 turns).

funkygono the Firebug (Gargoyle Fire Elementalist)  Turns: 1279, Time: 00:02:01

Health: -3/15      AC:  5    Str: 11    XL:     2   Next: 95%
Magic:  1/5        EV: 11    Int: 15    God:
Gold:   21         SH:  0    Dex: 10    Spells: 2/5 levels left

rFire   . . .      SeeInvis .   g - +0 whip
rCold   . . .      Faith    .   (no shield)
rNeg    + . .      Spirit   .   h - +0 leather armour
rPois   ∞          Reflect  .   (no helmet)
rElec   +          Harm     .   (no cloak)
rCorr   .          Rampage  .   (no gloves)
Will    .....                   (no boots)
Stlth   ++........              (no amulet)
HPRegen 0.05/turn               (no ring)
MPRegen 0.09/turn               (no ring)

@: no status effects
A: sickness immunity, AC +2, negative energy resistance 1, electricity
resistance, torment resistance 1, petrification resistance
a: no special abilities


You were on level 2 of the Dungeon.
You visited 1 branch of the dungeon, and saw 2 of its levels.

You collected 21 gold pieces.

Inventory:

Hand Weapons
 g - a +0 whip (weapon)
Armour
 a - a +0 robe
 f - a +0 ring mail
 h - a +0 leather armour (worn)
Scrolls
 d - a scroll of teleportation {unknown}
 e - a scroll of identify {unknown}
Potions
 b - a potion of magic
 c - a potion of degeneration {unknown}
 i - a potion of attraction {unknown}


   Skills:
 + Level 1.6 Dodging
 + Level 2.5 Stealth
 + Level 2.2 Spellcasting
 + Level 1.4 Conjurations
 + Level 3.5 Fire Magic


You had 2 spell levels left.
You knew the following spells:

 Your Spells              Type           Power      Damage    Failure   Level
a - Foxfire               Conj/Fire      36%        2x1d5     11%         1
b - Scorch                Fire           24%        2d6       11%         2

Your spell library contained the following spells:

 Spells                   Type           Power      Damage    Failure   Level
 Conjure Flame            Conj/Fire      9%         6-21      30%         3
 Inner Flame              Hex/Fire       6%         N/A       38%         3
 Flame Wave               Conj/Fire      9%         2d6       71%         4


Dungeon Overview and Level Annotations

Branches:
Dungeon (2/15)

Altars:

Shops:
D:1 *


Innate Abilities, Weirdness & Mutations

You are immune to sickness and miasma.
Your stone body is resilient. (AC +2)
You are immune to poison.
You resist negative energy. (rN+)
You are resistant to electric shocks. (rElec)
You are resistant to unholy torment.
You are immune to petrification.


Message History

You conjure some foxfire!
Casting: Foxfire (safe; 11% risk of failure)
Confirm with . or Enter, or press ? or * to list all spells.
You conjure some foxfire!
The foxfire hits the hound.
The hound is moderately wounded.
The foxfire hits the hound but does no damage.
The hound is moderately wounded.
Unknown command.
Casting: Foxfire (safe; 11% risk of failure)
Confirm with . or Enter, or press ? or * to list all spells.
You miscast Foxfire.
You are very lightly contaminated with residual magic.
Nothing appears to happen.
The foxfire hits the hound.
The hound is heavily wounded.
Unknown command.
The hound bites you but does no damage. The hound barely misses you.
You miss the hound.
The hound is heavily wounded.
The hound bites you. The hound closely misses you.
Your magical contamination has completely faded away.
You closely miss the hound.
The hound is heavily wounded.
The hound bites you but does no damage.
You closely miss the hound.
The hound is heavily wounded.
The hound bites you. x2
You closely miss the hound.
The hound is heavily wounded.
The hound barely misses you. x2
You hit the hound.
The hound is heavily wounded.
The hound barely misses you. The hound bites you. The hound bites you.
* * * LOW HITPOINT WARNING * * *
Casting: Foxfire (safe; 11% risk of failure)
Confirm with . or Enter, or press ? or * to list all spells.
You conjure some foxfire!
The hound bites you.
You die...

### $ #.# .. ## ###
#.#.##### ... #.
^.# #.#.....#
##.... #. #.#
#v#####.###...# #.
#.# #@hS.....#!.#
#. #.###v#####..>.#
.#####. ##.....#
#..#.##
.......###....###
#....# #.#
#.......# #.#...
#.# #.##....#
#.#....
###.####.###.....#
#.#.....
...................
.........
###†###....#.....##
#.#.......


You could see a hound (ally target) and a ball python.

Vanquished Creatures
  3 bats
  2 endoplasms (D:1)
  A giant cockroach (D:1)
  5 hobgoblins (D:1)
  3 jackals (D:2)
  3 ball pythons (D:1)
  A kobold (D:1)
  A rat (D:1)
19 creatures vanquished.

Vanquished Creatures (others)
  48 foxfires
48 creatures vanquished.

Grand Total: 67 creatures vanquished

Notes
Turn   | Place    | Note
-------+----------+-------------------------------------------
     0 | D:1      | funkygono the Gargoyle Fire Elementalist began the quest
                  | for the Orb.
     0 | D:1      | Reached XP level 1. HP: 10/10 MP: 3/3
   259 | D:1      | Found a faded altar of an unknown god.
   279 | D:1      | Reached XP level 2. HP: 15/15 MP: 1/5
   282 | D:1      | Learned a level 2 spell: Scorch
   643 | D:1      | Found Awotim's General Store.
  1279 | D:2      | Slain by a hound

Illustrated notes

Levels and vault maps discovered:
D:1:      amcnicky_arrival_abandoned_market, layout_basic,
          dreamdust_ecumenical_altar_grove, serial_shops,
          nicolae_shop_behind_doors
D:2:      layout_basic, basic_altar, serial_shops, shop, uniq_terence,
          uniq_sigmund

Action                   || total
-------------------------++-------
Melee: Unarmed           ||     2
       Whip              ||    13
 Cast: Foxfire           ||    28
       Scorch            ||     2
Armor: Robe              ||     3
       Leather armour    ||     8
       Ring mail         ||     4
Dodge: Dodged            ||    22
